 Dungeon Crawl Stone Soup version 0.29.0-13-gc9e81de378 (webtiles) character file.

Game seed: 1462717233832280412

1864 emagee the Firebug (level 9, -13/70 HPs)
             Began as a Meteoran Cinder Acolyte on Sept 10, 2022.
             Was a High Priest of Ignis.
             Mangled by an orc warrior
             ... wielding a +0 scimitar
              (15 damage)
             ... on level 7 of the Dungeon.
             The game lasted 00:12:51 (2481 turns).

emagee the Firebug (Meteoran Cinder Acolyte)        Turns: 2481, Time: 00:12:52

Health: -13/70     AC:  5    Str: 15    XL:     9   Next: 61%
Magic:  11/29      EV: 11    Int: 20    God:    Ignis [*****.]
Gold:   188        SH:  5    Dex: 11    Spells: 16/22 levels left

rFire   + . .      SeeInvis .   a - -1 mace (flame)
rCold   . . .      Faith    .   (no shield)
rNeg    . . .      Spirit   .   b - +0 robe
rPois   .          Reflect  +   d - +2 hat
rElec   +          Harm     .   (no cloak)
rCorr   .          Rampage  .   (no gloves)
Will    +....                   i - +0 pair of boots
Stlth   +.........              q - amulet of reflection
HPRegen 0.21/turn               f - ring of magical power
MPRegen 0.21/turn               (no ring)

@: glowing
A: sense surroundings 2, otherworldly, glowing, explore regen, claws 1,
electricity resistance, subdued magic 1
a: Renounce Religion, Fiery Armour, Foxfire Swarm, Rising Flame


You were on level 7 of the Dungeon.
You worshipped Ignis.
Ignis was extremely pleased with you.
You visited 1 branch of the dungeon, and saw 7 of its levels.
You also visited: Ossuary.

You collected 188 gold pieces.

Inventory:

Hand Weapons
 a - a -1 mace of flaming (weapon)
 h - a +0 morningstar
Armour
 b - a +0 robe (worn)
 d - a +2 hat (worn)
 i - a +0 pair of boots (worn)
Jewellery
 f - a ring of magical power (left claw)
 n - a ring of ice
 q - an amulet of reflection (around neck)
Wands
 l - a wand of flame (17)
 u - a wand of quicksilver (9)
Scrolls
 c - 2 scrolls of teleportation
 e - a scroll of noise
 g - a scroll of brand weapon {unknown}
 p - a scroll of poison
 s - a scroll of summoning {unknown}
Potions
 j - 2 potions of mutation
 k - a potion of lignification
 m - 4 potions of curing
 o - 7 potions of might
 r - a potion of flight
 t - a potion of heal wounds {unknown}
 v - a potion of degeneration {unknown}
 w - a potion of attraction {unknown}


   Skills:
 - Level 3.2 Fighting
 - Level 4.1 Maces & Flails
 + Level 7.0 Spellcasting
 + Level 6.8 Conjurations
 + Level 6.8 Hexes
 - Level 7.6 Fire Magic


You had 16 spell levels left.
You knew the following spells:

 Your Spells              Type           Power      Damage    Failure   Level
a - Scorch                Fire           56%        2d8       1%          2
b - Fulminant Prism       Conj/Hex       13%        3d9       4%          4

Your spell library contained the following spells:

 Spells                   Type           Power      Damage    Failure   Level
 Magic Dart               Conj           100%       1d8       1%          1
 Searing Ray              Conj           52%        2d6       1%          2
 Dazzling Flash           Conj/Hex       52%        N/A       1%          3
 Iskenderun's Mystic Bla  Conj/Tloc      15%        2d5       19%         4
 Frozen Ramparts          Ice            10%        1d2       24%         3
 Starburst                Conj/Fire      13%        6d6       54%         6
 Ice Form                 Ice/Tmut       5%         N/A       63%         4
 Summon Ice Beast         Ice/Summ       5%         N/A       63%         4


Dungeon Overview and Level Annotations

Branches:
Dungeon (7/15) Zot: 1949   Temple (0/1) D:6         Ossuary (visited)

Altars:


Innate Abilities, Weirdness & Mutations

You passively map the area around you.
You are easily found by Zot.
You glow in the dark.
You regain HP and MP as you explore.
You have sharp fingernails.
You are resistant to electric shocks. (rElec)
Your spells are a little easier to cast, but a little less powerful.


Message History

The orc priest is lightly wounded.
The orc priest's fire resistance burns away.
The orc priest barely misses you.
The orc hits you from afar with a +0 trident.
The orc warrior barely misses you.
Casting: Scorch (safe; 1% risk of failure)
Confirm with . or Enter, or press ? or * to list all spells.
Flames lash the orc warrior.
The orc warrior is heavily wounded.
The orc priest hits you with a +0 flail!
The orc barely misses you. The orc warrior barely misses you.
Unknown command.
Casting: Scorch (safe; 1% risk of failure)
Confirm with . or Enter, or press ? or * to list all spells.
Flames lash the orc warrior.
The orc warrior is burned terribly!
The orc warrior is almost dead.
The orc priest is no longer more vulnerable to fire.
You block the orc priest's attack. The orc hits you but does no damage.
The orc warrior hits you with a +0 scimitar!
Casting: Scorch (safe; 1% risk of failure)
Confirm with . or Enter, or press ? or * to list all spells.
Flames lash the orc.
You kill the orc!
You block the orc priest's attack. You block the orc warrior's attack.
Casting: Scorch (safe; 1% risk of failure)
Confirm with . or Enter, or press ? or * to list all spells.
Flames lash the orc priest.
The orc priest is almost dead.
The orc priest's fire resistance burns away.
The orc priest invokes the aid of Beogh against you.
Beogh smites you!
The orc warrior hits you with a +0 scimitar!
* * * LOW HITPOINT WARNING * * *
Casting: Scorch (safe; 1% risk of failure)
Confirm with . or Enter, or press ? or * to list all spells.
Flames lash the orc warrior but do no damage.
The orc priest hits you with a +0 flail.
* * * LOW HITPOINT WARNING * * *
The orc warrior hits you with a +0 scimitar!
You die...

** * * **
, , * * *
#,* *
#.#####
#.....# *
,* #[.)@o#
, *
#...o.#
#..)..# *,
** #)....#
, .......#
,*,
*####....#
, ,,+....#
, ,
*#....# ,
* * * * *
* *


You could see an orc warrior (combustible) and an orc priest (combustible).

Vanquished Creatures
  Sigmund (D:3)
  2 wraiths (Ossuary)
  Menkaure (D:4)
  A black bear (D:6)
  An ogre (D:6)
  2 centaurs (D:5)
  A phantom (D:3)
  2 kobold brigands (D:6)
  3 scorpions
  3 wights (Ossuary)
  An orc priest (D:4)
  3 hounds
  2 iguanas
  2 jellies
  Terence (D:3)
  An orc wizard (D:5)
  2 adders (D:4)
  2 white imps
  An ufetubus (D:5)
  An adder zombie (Ossuary)
  A worm (D:3)
  A dart slug (D:4)
  6 orcs
  3 endoplasms
  A giant cockroach (D:3)
  5 goblins
  4 hobgoblins
  4 jackals (D:4)
  A quokka (D:3)
  A ball python (D:1)
  2 ball python skeletons (Ossuary)
  4 bats
  A hobgoblin skeleton (Ossuary)
  A hobgoblin zombie (Ossuary)
  9 kobolds
  An orc skeleton (Ossuary)
  An orc zombie (Ossuary)
79 creatures vanquished.

Notes
Turn   | Place    | Note
-------+----------+-------------------------------------------
     0 | D:1      | emagee the Meteoran Cinder Acolyte began the quest for the
                  | Orb.
     0 | D:1      | Reached XP level 1. HP: 19/19 MP: 3/3
    58 | D:1      | Reached XP level 2. HP: 26/26 MP: 5/5
    61 | D:1      | Learned a level 2 spell: Scorch
   131 | D:1      | HP: 1/26 [hobgoblin (4)]
   212 | D:2      | Found a faded altar of an unknown god.
   256 | D:3      | Noticed Terence
   261 | D:3      | Killed Terence
   262 | D:3      | Reached skill level 5 in Fire Magic
   262 | D:3      | Reached XP level 3. HP: 23/31 MP: 6/6
   262 | D:3      | Reached XP level 4. HP: 28/38 MP: 7/7
   315 | D:3      | Noticed Sigmund
   331 | D:3      | Gained mutation: You are resistant to electric shocks.
                  | (rElec) [potion of mutation]
   331 | D:3      | Gained mutation: Your spells are a little easier to cast,
                  | but a little less powerful. [potion of mutation]
   331 | D:3      | Gained mutation: You have sharp fingernails. [potion of
                  | mutation]
   338 | D:3      | Killed Sigmund
   339 | D:3      | Reached XP level 5. HP: 45/45 MP: 6/8
   339 | D:3      | Reached XP level 6. HP: 51/51 MP: 6/9
   373 | D:3      | Learned a level 4 spell: Fulminant Prism
   383 | D:3      | Reached skill level 1 in Conjurations
   383 | D:3      | Reached skill level 1 in Hexes
   862 | D:4      | Noticed Menkaure
   866 | D:4      | Killed Menkaure
   867 | D:4      | Reached XP level 7. HP: 26/57 MP: 8/12
  1072 | D:5      | Entered Level 5 of the Dungeon
  1091 | D:5      | Reached XP level 8. HP: 53/63 MP: 1/14
  1473 | D:6      | Reached skill level 5 in Spellcasting
  1625 | D:6      | Reached skill level 5 in Conjurations
  1625 | D:6      | Reached skill level 5 in Hexes
  1668 | D:6      | Found a staircase to the Ecumenical Temple.
  1676 | D:6      | Gained mutation: You passively map the area around you.
                  | [Meteoran growth]
  1676 | D:6      | Reached XP level 9. HP: 57/70 MP: 15/18
  1985 | D:6      | Found a sand-covered staircase.
  1994 | Ossuary  | Entered an ossuary
  2481 | D:7      | HP: 2/70 [orc priest/+0 flail (5)]
  2481 | D:7      | Mangled by an orc warrior

Illustrated notes

Levels and vault maps discovered:
D:1:      nagdon_arrival_zigzag_paths, layout_basic
D:2:      layout_loops_ring, ebering_ecumenical_altar_abandoned, st_stairs_7,
          minmay_3d_cube, uniq_crazy_yiuf_cottage
D:3:      layout_loops_corners, uniq_terence, uniq_sigmund
D:4:      layout_layer_cave, uniq_menkaure, uniq_natasha
D:5:      layout_basic, uniq_grinder, uniq_prince_ribbit1
D:6:      layout_basic, minmay_temple_entry_mini_moons,
          nicolae_ossuary_entry_monument, amcnicky_mini_rare_corridor_liquid,
          minmay_unpleasant_kobolds
D:7:      layout_basic, gammafunk_ghost_arena

Skill      XL: |  1  2  3  4  5  6  7  8  9 |
---------------+----------------------------+-----
Fire Magic     | 4 5 7 |  7.6
Spellcasting   | 3 5 7 |  7.0
Conjurations   | 2 3 5 6 |  6.8
Hexes          | 2 3 5 6 |  6.8
Fighting       | |  3.2
Maces & Flails | |  4.1

Action                   |  1- 3 |  4- 6 |  7- 9 || total
-------------------------+-------+-------+-------++-------
Melee: Mace              |    27 |    19 |     9 ||    55
 Cast: Scorch            |     4 |    20 |   122 ||   146
  Use: Potion            |       |     2 |       ||     2
       Scroll            |       |       |     6 ||     6
Armor: Robe              |     3 |    12 |    41 ||    56
       Skin              |       |     1 |       ||     1
Dodge: Dodged            |    19 |    13 |    54 ||    86
Block: Other             |       |       |    10 ||    10
